 Dungeon Crawl Stone Soup version 0.28.0-47-ge53b351184 (webtiles) character file.

Game seed: 13882237500005982630

1346 issech the Cudgeller (level 8, 0/78 HPs)
             Began as a Troll Fighter on Apr 29, 2022.
             Was an Initiate of Hepliaklqana.
             Succumbed to a killer bee's poison
             ... on level 6 of the Dungeon.
             The game lasted 00:19:21 (4797 turns).

issech the Cudgeller (Troll Fighter)                Turns: 4797, Time: 00:19:22

Health: 0/78       AC:  4    Str: 25    XL:     8   Next: 36%
Magic:  7/7        EV: 24    Int:  4    God:    Hepliaklqana [......]
Gold:   164        SH:  8    Dex: 11    Spells: 7/7 levels left

rFire   . . .      SeeInvis .   a - +0 flail
rCold   + . .      Faith    .   c - +0 kite shield
rNeg    . . .      Spirit   .   s - +0 animal skin
rPois   .          Reflect  .   (helmet restricted)
rElec   .          Harm     .   (no cloak)
rCorr   .          Rampage  .   (gloves unavailable)
Will    .....                   (boots unavailable)
Stlth   +.........              f - amulet of the acrobat
HPRegen 1.03/turn               G - ring of protection from cold
MPRegen 0.10/turn               (no ring)

@: lethally poisoned (0 -> -10), acrobatic
A: large, unfitting armour, claws 3, regeneration 1, shaggy fur 1, tough skin 1
a: Renounce Religion


You were on level 6 of the Dungeon.
You worshipped Hepliaklqana.
Hepliaklqana was noncommittal.
You visited 2 branches of the dungeon, and saw 7 of its levels.

You collected 164 gold pieces.

Inventory:

Hand Weapons
 a - a +0 flail (weapon)
 g - a +0 hunting sling
 r - a +0 mace
 E - a +0 giant spiked club
 H - a +0 long sword
Missiles
 i - 32 bolts
 k - 117 stones (quivered)
 m - 47 arrows
 y - 5 curare-tipped darts
Armour
 b - a +0 robe
 c - a +0 kite shield (worn)
 s - a +0 animal skin (worn)
Magical Staves
 z - a staff of earth
Jewellery
 f - an amulet of the acrobat (around neck)
 G - a ring of protection from cold (left claw)
Wands
 C - a wand of iceblast (18)
 D - a wand of flame (2)
Scrolls
 j - a scroll of enchant weapon {unknown}
 l - 2 scrolls of teleportation {unknown}
 p - 2 scrolls of magic mapping {unknown}
 q - a scroll of brand weapon {unknown}
 u - 2 scrolls of noise {unknown}
 v - 2 scrolls of identify {unknown}
 w - 2 scrolls of amnesia {unknown}
 A - a scroll of torment {unknown}
 B - a scroll of blinking {unknown}
Potions
 d - a potion of might
 e - 3 potions of haste {unknown}
 h - 2 potions of mutation {unknown}
 n - 3 potions of attraction {unknown}
 o - a potion of berserk rage {unknown}
 t - a potion of heal wounds {unknown}
 x - 3 potions of flight {unknown}
 F - a potion of brilliance {unknown}


   Skills:
 + Level 4.0 Fighting
 + Level 7.0 Maces & Flails
 + Level 1.1 Throwing
 + Level 4.2 Dodging
 + Level 0.6 Stealth
 + Level 3.7 Shields
 + Level 0.1 Evocations


You had 7 spell levels left.
You didn't know any spells.
Your spell library was empty.

Dungeon Overview and Level Annotations

Branches:
Dungeon (6/15)             Temple (1/1) D:4

Altars:
Ashenzari
Cheibriados
Dithmenos
Fedhas
Gozag
Hepliaklqana
Kikubaaqudgha
Makhleb
Nemelex Xobeh
Okawaru
Qazlal
Ru
Sif Muna
Trog
Uskayaw
Vehumet
Wu Jian
Xom
Yredelemnul
Zin
The Shining One

Shops:
D:3 [((!


Innate Abilities, Weirdness & Mutations

You are too large for most types of armour.
You have claws for hands.
Your natural rate of healing is unusually fast.
You are covered in fur. (AC +1)
You have tough skin. (AC +1)


Message History

The killer bee closely misses you. You block the ogre's attack.
The iguana closely misses you. The killer bee barely misses you.
The killer bee completely misses you. The killer bee misses you.
The killer bee closely misses you. You block the killer bee's attack.
You block the killer bee's attack. The killer bee misses you.
You closely miss the killer bee. The killer bee stings you.
The killer bee barely misses you.
You miss the killer bee. The killer bee stings you.
You block the killer bee's attack.
You barely miss the killer bee. The killer bee stings you.
The killer bee stings you but does no damage.
The killer bee stings you.
You barely miss the killer bee. You block the killer bee's attack.
The killer bee stings you but does no damage.
You closely miss the killer bee. The killer bee stings you!
* * * LOW HITPOINT WARNING * * *
You are poisoned.
The killer bee poisons you! You block the killer bee's attack.
The killer bee barely misses you.
You miss the killer bee.
You feel very sick. The killer bee stings you.
* * * LOW HITPOINT WARNING * * *
You block the killer bee's attack.
You sock the killer bee!
The killer bee is heavily wounded.
You feel sick. The killer bee barely misses you.
You block the killer bee's attack.
You miss the killer bee.
The killer bee is heavily wounded.
You feel sick. The killer bee stings you!
* * * LOW HITPOINT WARNING * * *
You are more poisoned.
The killer bee poisons you! The killer bee stings you!
* * * LOW HITPOINT WARNING * * *
You are more poisoned.
The killer bee poisons you! You block the killer bee's attack.
You die...

#...................############
#..............####.............
##............## #.......######
##.....<....## #.......#
#########..# #.......# ##.###
#......[# # #...# #.......# ###
###.####........# #..
#.@.##.............
###.########.....#. #y##
###........ #Ol###........###
##y#....###.... ####y....###..
#............ ##..##..##...
##..........


You could see an ogre, an iguana and 3 killer bees.

Vanquished Creatures
  A wyvern (D:5)
  A water moccasin (D:5)
  An ice beast (D:6)
  2 ogres
  3 scorpions
  4 howler monkeys
  An orc priest (D:4)
  2 hounds
  A centaur skeleton (D:4)
  Natasha (thrice) (D:4)
  2 iguanas
  2 orc wizards
  A hound zombie (D:5)
  Robin (D:3)
  A howler monkey zombie (D:5)
  5 adders
  A shadow imp (D:5)
  A white imp (D:3)
  2 adder zombies (D:5)
  2 worms
  A dart slug (D:1)
  5 orcs
  7 ball pythons
  4 bats
  9 endoplasms
  2 giant cockroaches
  10 goblins
  10 hobgoblins
  13 jackals
  3 quokkas
  3 frilled lizards (D:1)
  4 kobolds
  6 rats
  2 bushes (D:2)
116 creatures vanquished.

Vanquished Creatures (others)
  10 plants (D:2)
10 creatures vanquished.

Grand Total: 126 creatures vanquished

Notes
Turn   | Place    | Note
-------+----------+-------------------------------------------
     0 | D:1      | issech the Troll Fighter began the quest for the Orb.
     0 | D:1      | Reached XP level 1. HP: 22/22 MP: 0/0
    75 | D:1      | Reached XP level 2. HP: 29/29 MP: 1/1
   203 | D:1      | Reached skill level 2 in Maces & Flails
   404 | D:1      | Reached XP level 3. HP: 29/36 MP: 2/2
   888 | D:2      | Reached XP level 4. HP: 38/44 MP: 3/3
  1298 | D:2      | Found a faded altar of an unknown god.
  1663 | D:3      | Reached skill level 3 in Maces & Flails
  1665 | D:3      | Noticed Robin
  1676 | D:3      | Killed Robin
  1810 | D:3      | Found Nugaob's Distillery.
  1834 | D:3      | Found Mepsol's Weapon Shoppe.
  2353 | D:3      | Found Xaiw's Weapon Emporium.
  2381 | D:3      | Found Izuodwar's Armour Shoppe.
  2460 | D:3      | Reached XP level 5. HP: 44/52 MP: 4/4
  2469 | D:3      | Found a radiant altar of Vehumet.
  2652 | D:4      | Noticed Natasha
  2661 | D:4      | Killed Natasha
  2662 | D:4      | Reached skill level 1 in Throwing
  2724 | D:4      | Found a staircase to the Ecumenical Temple.
  2793 | Temple   | Entered the Ecumenical Temple
  2958 | D:4      | Noticed Natasha
  2960 | D:4      | Found a broken altar of Ashenzari.
  2975 | D:4      | Reached skill level 4 in Maces & Flails
  3009 | D:4      | Reached XP level 6. HP: 30/61 MP: 5/5
  3011 | D:4      | Killed Natasha
  3199 | D:4      | Noticed Natasha
  3208 | D:4      | Killed Natasha
  3209 | D:4      | Reached skill level 5 in Maces & Flails
  3273 | D:4      | You fall into a shaft and drop 1 floor!
  3273 | D:5      | Entered Level 5 of the Dungeon
  3296 | D:5      | Noticed a wyvern
  3306 | D:5      | Killed a wyvern
  3307 | D:5      | Reached XP level 7. HP: 12/67 MP: 6/6
  3755 | D:5      | Reached skill level 6 in Maces & Flails
  4154 | D:5      | Reached XP level 8. HP: 78/78 MP: 7/7
  4287 | D:5      | Found a hazy altar of Hepliaklqana.
  4291 | D:5      | Became a worshipper of Hepliaklqana the Forgotten
  4297 | D:5      | Found an iron altar of Okawaru.
  4300 | D:5      | Found a sparkling altar of Nemelex Xobeh.
  4303 | D:5      | Found an ancient bone altar of Kikubaaqudgha.
  4725 | D:6      | Reached skill level 7 in Maces & Flails
  4796 | D:6      | HP: 3/78 [killer bee (8)]
  4797 | D:6      | Succumbed to a killer bee's poison

Illustrated notes

Levels and vault maps discovered:
D:1:      nzn_arrival_crosshair, layout_rooms, st_stairs_1
D:2:      layout_basic, serial_forest, infiniplex_forest_corner_1,
          infiniplex_forest_clump_diagonal, infiniplex_forest_lined_room_3,
          infiniplex_forest_clump_long, infiniplex_forest_clump_long,
          infiniplex_forest_clump_double, infiniplex_forest_clump_tiny,
          infiniplex_forest_fountain, infiniplex_forest_clump_medium,
          chequers_ecumenical_altar_simple_redux
D:3:      layout_basic, nicolae_vehumet_radiance, serial_shops, shop,
          nicolae_shop_bloodbath_and_beyond, shop, nicolae_shop_trees,
          uniq_robin
D:4:      layout_rooms, ashenzari_altar_1, minmay_temple_entry_proselytizer,
          hangedman_abyss_or_decor_lesser_grid, uniq_natasha
D:5:      layout_layer_cave, grunt_temple_overflow_cloverleaf,
          minmay_strange_pillars
D:6:      layout_rooms, serial_shops, shop, corexii_checkpoint_b
Temple:   regret_index_temple_waves

Skill      XL: |  1  2  3  4  5  6  7  8 |
---------------+-------------------------+-----
Maces & Flails | 2 3 4 5 6 7 |  7.0
Dodging        | 3 4 |  4.2
Shields        | 3 |  3.7
Throwing       | 1 |  1.1
Fighting       | 3 4 |  4.0
Stealth        | |  0.6
Evocations     | |  0.1

Action                   |  1- 3 |  4- 6 |  7- 9 || total
-------------------------+-------+-------+-------++-------
Melee: Flail             |   159 |   329 |   124 ||   612
Throw: Stone             |       |     5 |     3 ||     8
Evoke: Wand              |       |     1 |     2 ||     3
Armor: Robe              |    59 |    21 |       ||    80
       Animal skin       |       |    32 |    21 ||    53
Dodge: Dodged            |    89 |    78 |    65 ||   232
Block: Kite shield       |    60 |    47 |    49 ||   156
